Workbook
Name _________________________________l9001: '[1]Plan auditoría'!#REF!
Name _______________________________l9001: '[1]Plan auditoría'!#REF!
Name ______________________________l9001: '[1]Plan auditoría'!#REF!
Name _____________________________l9001: '[1]Plan auditoría'!#REF!
Name ____________________________l9001: '[1]Plan auditoría'!#REF!
Name ___________________________l9001: '[1]Plan auditoría'!#REF!
Name __________________________l9001: '[1]Plan auditoría'!#REF!
Name _________________________l9001: '[1]Plan auditoría'!#REF!
Name ________________________l9001: '[1]Plan auditoría'!#REF!
Name _______________________l9001: '[1]Plan auditoría'!#REF!
Name ______________________l9001: '[1]Plan auditoría'!#REF!
Name _____________________l9001: '[1]Plan auditoría'!#REF!
Name ____________________l9001: '[1]Plan auditoría'!#REF!
Name ___________________l9001: '[1]Plan auditoría'!#REF!
Name __________________l9001: '[1]Plan auditoría'!#REF!
Name _________________l9001: '[1]Plan auditoría'!#REF!
Name ________________l9001: '[1]Plan auditoría'!#REF!
Name _______________l9001: '[1]Plan auditoría'!#REF!
Name ______________l9001: '[1]Plan auditoría'!#REF!
Name _____________l9001: '[1]Plan auditoría'!#REF!
Name ____________l9001: '[1]Plan auditoría'!#REF!
Name ___________l9001: '[1]Plan auditoría'!#REF!
Name __________l9001: '[1]Plan auditoría'!#REF!
Name _________l9001: '[1]Plan auditoría'!#REF!
Name ________I9999: '[1]Plan auditoría'!#REF!
Name ________l9001: '[1]Plan auditoría'!#REF!
Name _______l9001: '[1]Plan auditoría'!#REF!
Name ______l9001: '[1]Plan auditoría'!#REF!
Name _____l9001: '[1]Plan auditoría'!#REF!
Name _____PJ50: #REF!
Name _____pj51: #REF!
Name ____l9001: '[1]Plan auditoría'!#REF!
Name ____PJ50: #REF!
Name ____pj51: #REF!
Name ___EST12: #REF!
Name ___l9001: '[1]Plan auditoría'!#REF!
Name ___PJ50: #REF!
Name ___pj51: #REF!
Name __aiu2: [2]AIU!$J$105
Name __EST1: #REF!
Name __EST10: #REF!
Name __EST11: #REF!
Name __EST12: #REF!
Name __EST13: #REF!
Name __EST14: #REF!
Name __EST15: #REF!
Name __EST16: #REF!
Name __EST17: #REF!
Name __EST18: #REF!
Name __EST19: #REF!
Name __EST2: #REF!
Name __EST23: #REF!
Name __EST3: #REF!
Name __EST4: #REF!
Name __EST5: #REF!
Name __EST6: #REF!
Name __EST7: #REF!
Name __EST8: #REF!
Name __EST9: #REF!
Name __EXC1: #REF!

Sheet INTERVENTORIA
B1: Formulario 1 - Formulario de presupuesto oficial -Interventoría de obra pública de agua potable y saneamiento básico
B3: Código: | H3: CCE-EICP-FM-154 | N3: Versión: | T3: 1
B5: FORMULARIO 1 GLOBAL
B6: VALOR GLOBAL DE LA INTERVENTORIA
B7: 1 | D7: COSTOS DE PERSONAL
B8: ÍTEM | D8: DESCRIPCIÓN | M8: CANTIDAD | O8: DEDICAC. | Q8: VR. MENSUAL | T8: MESES | V8: VR. PARCIAL
A9: Ingresar Códigos | B9: 1.1 | D9: DIRECCION, COORDINACION Y RESIDENCIA
A10: =+'COSTOS PERSONAL'!B17 -> 1.1.7 | B10: 1.1.1 | D10: =IF(A10="","",VLOOKUP(A10,'COSTOS PERSONAL'!B:D,2,FALSE)) -> DIRECTOR DE INTERVENTORIA - 7
A11: =+'COSTOS PERSONAL'!B24 -> 1.1.14 | B11: 1.1.2 | D11: =IF(A11="","",VLOOKUP(A11,'COSTOS PERSONAL'!B:D,2,FALSE)) -> RESIDENTE DE INTERVENTORIA - 7
A12: Ingresar Códigos | B12: 1.2 | D12: PROFESIONALES ESPECIALIZADOS
A13: =+'COSTOS PERSONAL'!B57 -> 1.3.18 | B13: 1.2.1 | D13: =IF(A13="","",VLOOKUP(A13,'COSTOS PERSONAL'!B:D,2,FALSE)) -> PROFESIONAL EN TRABAJO SOCIAL
A14: =+'COSTOS PERSONAL'!B53 -> 1.3.13 | B14: 1.2.2 | D14: =IF(A14="","",VLOOKUP(A14,'COSTOS PERSONAL'!B:D,2,FALSE)) -> PROFESIONAL HSEQ
B15: 1.2.3 | D15: =IF(A15="","",VLOOKUP(A15,'COSTOS PERSONAL'!B:D,2,FALSE))
A16: Ingresar Códigos | B16: 1.2 | D16: PROFESIONALES
B17: 1.3.1 | D17: =IF(A17="","",VLOOKUP(A17,'COSTOS PERSONAL'!B:D,2,FALSE))
B18: 1.3.2 | D18: =IF(A18="","",VLOOKUP(A18,'COSTOS PERSONAL'!B:D,2,FALSE))
B19: 1.3.3 | D19: =IF(A19="","",VLOOKUP(A19,'COSTOS PERSONAL'!B:D,2,FALSE))
A20: Ingresar Códigos | B20: 1,3 | D20: PERSONAL TECNICO Y TECNOLOGO
A21: =+'COSTOS PERSONAL'!B59 -> 1.4.1 | B21: 1,3,1 | D21: =IF(A21="","",VLOOKUP(A21,'COSTOS PERSONAL'!B:D,2,FALSE)) -> INSPECTOR DE OBRA
B22: 1.5 | D22: PERSONAL DE APOYO Y ADMINISTRATIVO | V22: =SUM(V23:Y24) -> 0
B23: 1.5.1 | D23: =IF(A23="","",VLOOKUP(A23,'COSTOS PERSONAL'!B:D,2,FALSE)) | Q23: =IF(A23="","",VLOOKUP(A23,'COSTOS PERSONAL'!B:D,3,FALSE)) | V23: =IF(M23="","",M23*O23*Q23*T23)
B24: 1.5.2 | D24: =IF(A24="","",VLOOKUP(A24,'COSTOS PERSONAL'!B:D,2,FALSE)) | Q24: =IF(A24="","",VLOOKUP(A24,'COSTOS PERSONAL'!B:D,3,FALSE)) | V24: =IF(M24="","",M24*O24*Q24*T24)
B25: SUBTOTAL COSTOS DIRECTOS DE PERSONAL | V25: =V9+V12+V16+V20+V22 -> 0
B26: FACTOR MULTIPLICADOR
B27: TOTAL COSTOS DIRECTOS DE PERSONAL (A) | V27: =ROUND((V25*V26),0) -> 0
B29: 2 | D29: COSTOS OPERACIONALES
B30: ÍTEM | D30: DESCRIPCIÓN | M30: UNIDAD | O30: CANTIDAD | Q30: MESES | S30: VR. UNITARIO
A31: Ingresar Códigos | B31: 2.1 | D31: OFICINA
A32: =+'COSTOS OPERACIONALES'!A3 -> 2.1.1 | B32: 2.1.1 | D32: =IF(A32="","",VLOOKUP(A32,'COSTOS OPERACIONALES'!A:D,2,FALSE)) -> ARRIENDO DE OFICINA
A33: =+'COSTOS OPERACIONALES'!A6 -> 2.1.4 | B33: 2.1.2 | D33: =IF(A33="","",VLOOKUP(A33,'COSTOS OPERACIONALES'!A:D,2,FALSE)) -> EQUIPOS DE COMPUTO
A34: =+'COSTOS OPERACIONALES'!A7 -> 2.1.5 | B34: 2.1.3 | D34: =IF(A34="","",VLOOKUP(A34,'COSTOS OPERACIONALES'!A:D,2,FALSE)) -> PAPELERIA E IMPRESIÓN
A35: =+'COSTOS OPERACIONALES'!A8 -> 2.1.6 | B35: 2.1.4 | D35: =IF(A35="","",VLOOKUP(A35,'COSTOS OPERACIONALES'!A:D,2,FALSE)) -> SERVICIOS PÚBLICOS
A36: Ingresar Códigos | B36: 2.2 | D36: VEHICULOS
A37: =+'COSTOS OPERACIONALES'!A12 -> 2.2.1 | B37: 2.2.1 | D37: =IF(A37="","",VLOOKUP(A37,'COSTOS OPERACIONALES'!A:D,2,FALSE)) -> ALQUILER VEHÍCULO 4X4 MAYOR 2000 C.C.
A38: =+'COSTOS OPERACIONALES'!A13 -> 2.2.2 | B38: 2.2.2 | D38: =IF(A38="","",VLOOKUP(A38,'COSTOS OPERACIONALES'!A:D,2,FALSE)) -> ALQUILER MOTOCICLETAS 125 CM 3
A39: Ingresar Códigos | B39: 2.3 | D39: ENSAYOS DE LABORATORIO | V39: =SUM(V40) -> 0
B40: 2.3.1 | D40: =IF(A40="","",VLOOKUP(A40,'COSTOS OPERACIONALES'!A:D,2,FALSE)) | M40: =IF(A40="","",VLOOKUP(A40,'COSTOS OPERACIONALES'!A:D,3,FALSE)) | S40: =IF(A40="","",VLOOKUP(A40,'COSTOS OPERACIONALES'!A:D,4,FALSE)) | V40: =IF(O40="","",O40*S40*Q40)
B41: =IF(A41="","",VLOOKUP(A41,'COSTOS OPERACIONALES'!A:D,2,FALSE))
B42: TOTAL COSTOS OPERACIONALES (B) | V42: =V31+V36+V39 -> 0
B43: (C) = TOTAL COSTOS DE LA INTERVENTORIA (A+B) | V43: =+V42+V27 -> 0
B44: FACTOR DE ADMINISTRACIÓN (D) | V44: =ROUND((V43*T44),0) -> 0
B45: TOTAL COSTO DE LA INTERVENTORÍA ANTES DE IVA (C+D) | V45: =+V44+V43 -> 0
B46: IVA | V46: =ROUND((V45*T46),0) -> 0
B47: VALOR TOTAL DE LA INTERVENTORÍA DESPUÉS DE IVA | V47: =V46+V45 -> 0
B49: FIRMAS:
B51: _________________________________________ | M51: ________________________________________
B52: Nombre y Firma del representante legal del Proponente | M52: Nombre y Firma del Proponente

Sheet A-SOLO
F1: MUNICIPIO DE BUCARAMANGA SECRETARÍA DE INFRAESTRUCTURA | T1: VERSIÓN
AD2: NOTA 1: ESTE FORMATO ES LA BASE PARA INCLUIR EN CADA CAPITULO LO CORRESPONDIENTE AL RESPECTIVO PRESUPUESTO DE OBRA QUE SE ESTA ELABORANDO; LUEGO DE HABER INCLUIDO TODO LO REQUERIDO, SE DEBE REVISAR NUEVAMENTE LA ARITMETICA DE LAS SUMAS, YA QUE AL ADICIONAR O QUITAR ELEMENTOS ESTAS PUEDEN CAMBIAR NOTA 2: NO SE REQUIERE ITERAR NINGUN VALOR, LAS ESTAMPILLAS EN EL % SOBRE COSTOS DIRECTOS VAN INCREMENTANDO A MEDIDA QUE AUMENTA O DISMINUYEN LOS COSTOS INDIRECTOS EN LOS CAPITULOS DE PERSONAL, OPERACIONALES Y SG SST. NOTA 3: LOS PORCENTAJES DEL CAPITULO 4 CORRESPONDIENTES A LEGALES, FINANCIEROS Y BANCARIOS NO SE DEBEN MODIFICAR , EN LA COLUMNA DE VALOR UNITARIO DEBE IR EL VALOR TOTAL DE LOS COSTOS DIRECTOS DEL PRESUPUESTO
F3: PROYECTO PARTICIPATIVO CIUDADELA CAFÉ MADRID | T3: FECHA | W3: DD | Y3: MM | AA3: AA
W4: 25 | Y4: 11 | AA4: 2024
F5: CALCULO DE ADMINISTRACIÓN DEL PRESUPUESTO DE OBRA | T5: PÁGINA | W5: 1 | Y5: DE | AA5: 1
B8: 1 | D8: COSTOS DE PERSONAL | W8: =SUM(W10,W14,W17,W23,W26,W29) -> #REF! | AA8: =IF(W85="","",W8/$W$85) -> #REF!
B9: ÍTEM | D9: DESCRIPCIÓN | M9: CANTIDAD | O9: DEDICAC. | Q9: VR. MENSUAL | T9: FP | U9: MESES | W9: VR. PARCIAL | AA9: % A
B10: 1.1 | D10: DIRECCION, COORDINACION Y RESIDENCIA | W10: =SUM(W12:Z13) -> #REF! | AA10: =IF($W$85="","",W10/$W$85) -> #REF!
A11: 1.1.6 | B11: 1.1.1 | D11: =IF(A11="","",VLOOKUP(A11,#REF!,2,FALSE)) -> #REF! | M11: 1 | O11: 0.7 | Q11: =IF(A11="","",VLOOKUP(A11,#REF!,4,FALSE)) -> #REF! | T11: 1.65 | U11: 3.5 | W11: =IF(M11="","",M11*O11*Q11*T11*U11) -> #REF! | AA11: =IF($W$85="","",W11/$W$85) -> #REF!
A12: 1.1.13 | B12: 1.1.1 | D12: =IF(A12="","",VLOOKUP(A12,#REF!,2,FALSE)) -> #REF! | M12: 1 | O12: 1 | Q12: =IF(A12="","",VLOOKUP(A12,#REF!,4,FALSE)) -> #REF! | T12: 1.65 | U12: 3.5 | W12: =IF(M12="","",M12*O12*Q12*T12*U12) -> #REF! | AA12: =IF($W$85="","",W12/$W$85) -> #REF!
D13: =IF(A13="","",VLOOKUP(A13,#REF!,2,FALSE)) | Q13: =IF(A13="","",VLOOKUP(A13,#REF!,4,FALSE)) | T13: 1.65 | W13: =IF(M13="","",M13*O13*Q13*T13*U13) | AA13: =IF($W$85="","",W13/$W$85) -> #VALUE!
B14: 1.2 | D14: PROFESIONALES ESPECIALIZADOS | W14: =SUM(W15:Z16) -> #REF! | AA14: =IF($W$85="","",W14/$W$85) -> #REF!
A15: 1.2.10 | B15: 1.2.1 | D15: =IF(A15="","",VLOOKUP(A15,#REF!,2,FALSE)) -> #REF! | M15: 1 | O15: 0 | Q15: =IF(A15="","",VLOOKUP(A15,#REF!,4,FALSE)) -> #REF! | T15: 1.65 | U15: 2 | W15: =IF(M15="","",M15*O15*Q15*T15*U15) -> #REF! | AA15: =IF($W$85="","",W15/$W$85) -> #REF!
A16: 1.2.1 | B16: 1.2.2 | D16: =IF(A16="","",VLOOKUP(A16,#REF!,2,FALSE)) -> #REF! | M16: 1 | O16: 0 | Q16: =IF(A16="","",VLOOKUP(A16,#REF!,4,FALSE)) -> #REF! | T16: 1.65 | U16: 2 | W16: =IF(M16="","",M16*O16*Q16*T16*U16) -> #REF! | AA16: =IF($W$85="","",W16/$W$85) -> #REF!
B17: 1.2 | D17: PROFESIONALES | W17: =SUM(W18:Z22) -> #REF! | AA17: =IF($W$85="","",W17/$W$85) -> #REF!
A18: 1.3.1 | D18: =IF(A18="","",VLOOKUP(A18,#REF!,2,FALSE)) -> #REF! | M18: 1 | O18: 1 | Q18: =IF(A18="","",VLOOKUP(A18,#REF!,4,FALSE)) -> #REF! | T18: 1.65 | U18: 0 | W18: =IF(M18="","",M18*O18*Q18*T18*U18) -> #REF! | AA18: =IF($W$85="","",W18/$W$85) -> #REF!
A19: 1.3.2 | D19: =IF(A19="","",VLOOKUP(A19,#REF!,2,FALSE)) -> #REF! | M19: 1 | O19: 0.5 | Q19: =IF(A19="","",VLOOKUP(A19,#REF!,4,FALSE)) -> #REF! | T19: 1.65 | U19: 0 | W19: =IF(M19="","",M19*O19*Q19*T19*U19) -> #REF! | AA19: =IF($W$85="","",W19/$W$85) -> #REF!
B20: 1.3.2 | D20: =IF(A20="","",VLOOKUP(A20,#REF!,2,FALSE)) | Q20: =IF(A20="","",VLOOKUP(A20,#REF!,4,FALSE)) | W20: =IF(M20="","",M20*O20*Q20*T20*U20)
A21: 1.3.14 | B21: 1.3.1 | D21: =IF(A21="","",VLOOKUP(A21,#REF!,2,FALSE)) -> #REF! | M21: 1 | O21: 1 | Q21: =IF(A21="","",VLOOKUP(A21,#REF!,4,FALSE)) -> #REF! | T21: 1.65 | U21: 3.5 | W21: =IF(M21="","",M21*O21*Q21*T21*U21) -> #REF! | AA21: =IF($W$85="","",W21/$W$85) -> #REF!
A22: 1.3.18 | B22: 1.3.1 | D22: =IF(A22="","",VLOOKUP(A22,#REF!,2,FALSE)) -> #REF! | M22: 1 | O22: 1 | Q22: =IF(A22="","",VLOOKUP(A22,#REF!,4,FALSE)) -> #REF! | T22: 1.65 | U22: 3.5 | W22: =IF(M22="","",M22*O22*Q22*T22*U22) -> #REF! | AA22: =IF($W$85="","",W22/$W$85) -> #REF!
B23: 1.4 | D23: PERSONAL TECNICO Y TECNOLOGO | W23: =SUM(W24:Z25) -> 0 | AA23: =IF($W$85="","",W23/$W$85) -> 0
D24: =IF(A24="","",VLOOKUP(A24,#REF!,2,FALSE)) | Q24: =IF(A24="","",VLOOKUP(A24,#REF!,4,FALSE)) | T24: 1.65 | W24: =IF(M24="","",M24*O24*Q24*T24*U24) | AA24: =IF($W$85="","",W24/$W$85) -> #VALUE!
D25: =IF(A25="","",VLOOKUP(A25,#REF!,2,FALSE)) | Q25: =IF(A25="","",VLOOKUP(A25,#REF!,4,FALSE)) | T25: 1.65 | W25: =IF(M25="","",M25*O25*Q25*T25*U25) | AA25: =IF($W$85="","",W25/$W$85) -> #VALUE!
B26: 1.5 | D26: PERSONAL DE APOYO | O26: 7.8 | W26: =SUM(W27:Z28) -> 0 | AA26: =IF($W$85="","",W26/$W$85) -> 0
D27: =IF(A27="","",VLOOKUP(A27,#REF!,2,FALSE)) | Q27: =IF(A27="","",VLOOKUP(A27,#REF!,4,FALSE)) | T27: 1.65 | W27: =IF(M27="","",M27*O27*Q27*T27*U27) | AA27: =IF($W$85="","",W27/$W$85) -> #VALUE!
D28: =IF(A28="","",VLOOKUP(A28,#REF!,2,FALSE)) | Q28: =IF(A28="","",VLOOKUP(A28,#REF!,4,FALSE)) | T28: 1.65 | W28: =IF(M28="","",M28*O28*Q28*T28*U28) | AA28: =IF($W$85="","",W28/$W$85) -> #VALUE!
B29: 1.6 | D29: PERSONAL ADMINISTRATIVO | W29: =SUM(W30:Z31) -> 0 | AA29: =IF($W$85="","",W29/$W$85) -> 0
D30: =IF(A30="","",VLOOKUP(A30,#REF!,2,FALSE)) | Q30: =IF(A30="","",VLOOKUP(A30,#REF!,4,FALSE)) | T30: 1.65 | W30: =IF(M30="","",M30*O30*Q30*T30*U30) | AA30: =IF($W$85="","",W30/$W$85) -> #VALUE!
D31: =IF(A31="","",VLOOKUP(A31,#REF!,2,FALSE)) | Q31: =IF(A31="","",VLOOKUP(A31,#REF!,4,FALSE)) | T31: 1.65 | W31: =IF(M31="","",M31*O31*Q31*T31*U31) | AA31: =IF($W$85="","",W31/$W$85) -> #VALUE!
B32: 2 | D32: COSTOS OPERACIONALES | W32: =SUM(W34,W37,W40,W43) -> 3494575 | AA32: =IF($W$85="","",W32/$W$85) -> 0.0046594333
B33: ÍTEM | D33: DESCRIPCIÓN | M33: UNIDAD | P33: CANTIDAD | S33: VR. UNITARIO | W33: VR. PARCIAL | AA33: % A
B34: 2.1 | D34: OFICINA | W34: =SUM(W35:Z45) -> 3494575 | AA34: =IF($W$85="","",W34/$W$85) -> 0.0046594333
A35: 2.1.4 | B35: 2.1.1 | D35: =IF(A35="","",VLOOKUP(A35,'COSTOS OPERACIONALES'!A:D,2,FALSE)) -> EQUIPOS DE COMPUTO | M35: =IF(A35="","",VLOOKUP(A35,'COSTOS OPERACIONALES'!A:D,3,FALSE)) -> MES | P35: 3.5 | S35: =IF(A35="","",VLOOKUP(A35,'COSTOS OPERACIONALES'!A:D,4,FALSE)) -> 630600 | W35: =IF(P35="","",P35*S35) -> 2207100 | AA35: =IF($W$85="","",W35/$W$85) -> 0.0029428 | AD35: 1 | AE35: 3
A36: 2.1.5 | B36: 2.1.1 | D36: =IF(A36="","",VLOOKUP(A36,'COSTOS OPERACIONALES'!A:D,2,FALSE)) -> PAPELERIA E IMPRESIÓN | M36: =IF(A36="","",VLOOKUP(A36,'COSTOS OPERACIONALES'!A:D,3,FALSE)) -> MES | P36: 3.5 | S36: =IF(A36="","",VLOOKUP(A36,'COSTOS OPERACIONALES'!A:D,4,FALSE)) -> 367850 | W36: =IF(P36="","",P36*S36) -> 1287475 | AA36: =IF($W$85="","",W36/$W$85) -> 0.0017166333 | AD36: 0.6 | AE36: =(AE35*AD36)*AD35 -> 1.8
B37: 2.2 | D37: VEHICULOS | W37: =SUM(W38:Z39) -> 0 | AA37: =IF($W$85="","",W37/$W$85) -> 0
D38: =IF(A38="","",VLOOKUP(A38,'COSTOS OPERACIONALES'!A:D,2,FALSE)) | M38: =IF(A38="","",VLOOKUP(A38,'COSTOS OPERACIONALES'!A:D,3,FALSE)) | S38: =IF(A38="","",VLOOKUP(A38,'COSTOS OPERACIONALES'!A:D,4,FALSE)) | W38: =IF(P38="","",P38*S38) | AA38: =IF($W$85="","",W38/$W$85) -> #VALUE!
D39: =IF(A39="","",VLOOKUP(A39,'COSTOS OPERACIONALES'!A:D,2,FALSE)) | M39: =IF(A39="","",VLOOKUP(A39,'COSTOS OPERACIONALES'!A:D,3,FALSE)) | S39: =IF(A39="","",VLOOKUP(A39,'COSTOS OPERACIONALES'!A:D,4,FALSE)) | W39: =IF(P39="","",P39*S39) | AA39: =IF($W$85="","",W39/$W$85) -> #VALUE!
B40: 2.3 | D40: EQUIPOS | W40: =SUM(W41:Z42) -> 0 | AA40: =IF($W$85="","",W40/$W$85) -> 0
D41: =IF(A41="","",VLOOKUP(A41,'COSTOS OPERACIONALES'!A:D,2,FALSE)) | M41: =IF(A41="","",VLOOKUP(A41,'COSTOS OPERACIONALES'!A:D,3,FALSE)) | S41: =IF(A41="","",VLOOKUP(A41,'COSTOS OPERACIONALES'!A:D,4,FALSE)) | W41: =IF(P41="","",P41*S41) | AA41: =IF($W$85="","",W41/$W$85) -> #VALUE!
D42: =IF(A42="","",VLOOKUP(A42,'COSTOS OPERACIONALES'!A:D,2,FALSE)) | M42: =IF(A42="","",VLOOKUP(A42,'COSTOS OPERACIONALES'!A:D,3,FALSE)) | S42: =IF(A42="","",VLOOKUP(A42,'COSTOS OPERACIONALES'!A:D,4,FALSE)) | W42: =IF(P42="","",P42*S42) | AA42: =IF($W$85="","",W42/$W$85) -> #VALUE!
B43: 2.4 | D43: ENSAYOS DE LABORATORIO | W43: =SUM(W44:Z45) -> 0 | AA43: =IF($W$85="","",W43/$W$85) -> 0
D44: =IF(A44="","",VLOOKUP(A44,'COSTOS OPERACIONALES'!A:D,2,FALSE)) | M44: =IF(A44="","",VLOOKUP(A44,'COSTOS OPERACIONALES'!A:D,3,FALSE)) | S44: =IF(A44="","",VLOOKUP(A44,'COSTOS OPERACIONALES'!A:D,4,FALSE)) | W44: =IF(P44="","",P44*S44) | AA44: =IF($W$85="","",W44/$W$85) -> #VALUE!
D45: =IF(A45="","",VLOOKUP(A45,'COSTOS OPERACIONALES'!A:D,2,FALSE)) | M45: =IF(A45="","",VLOOKUP(A45,'COSTOS OPERACIONALES'!A:D,3,FALSE)) | S45: =IF(A45="","",VLOOKUP(A45,'COSTOS OPERACIONALES'!A:D,4,FALSE)) | W45: =IF(P45="","",P45*S45) | AA45: =IF($W$85="","",W45/$W$85) -> #VALUE!
B46: 3 | D46: COSTOS ASOCIADOS AL SISTEMA DE GESTION DE LA SEGURIDAD Y SALUD EN EL TRABAJO | W46: =SUM(W48,W54,W57,W63,W69) -> #REF! | AA46: =IF($W$85="","",W46/$W$85) -> #REF!
B47: ÍTEM | D47: DESCRIPCIÓN | M47: UNIDAD | P47: CANTIDAD | S47: VR. UNITARIO | W47: VR. PARCIAL | AA47: % A
B48: 3.1 | D48: INSTALACIONES | W48: =SUM(W49:Z53) -> #REF! | AA48: =IF($W$85="","",W48/$W$85) -> #REF!
A49: 3.2.1 | B49: 3.1.1 | D49: =IF(A49="","",VLOOKUP(A49,#REF!,2,FALSE)) -> #REF! | M49: =IF(A49="","",VLOOKUP(A49,#REF!,3,FALSE)) -> #REF! | P49: 3.5 | S49: =IF(A49="","",VLOOKUP(A49,#REF!,4,FALSE)) -> #REF! | W49: =IF(P49="","",P49*S49) -> #REF! | AA49: =IF($W$85="","",W49/$W$85) -> #REF!
A50: 3.2.2 | B50: 3.1.2 | D50: =IF(A50="","",VLOOKUP(A50,#REF!,2,FALSE)) -> #REF! | M50: =IF(A50="","",VLOOKUP(A50,#REF!,3,FALSE)) -> #REF! | P50: 3.5 | S50: =IF(A50="","",VLOOKUP(A50,#REF!,4,FALSE)) -> #REF! | W50: =IF(P50="","",P50*S50) -> #REF! | AA50: =IF($W$85="","",W50/$W$85) -> #REF!
A51: 3.2.3 | B51: 3.1.3 | D51: =IF(A51="","",VLOOKUP(A51,#REF!,2,FALSE)) -> #REF! | M51: =IF(A51="","",VLOOKUP(A51,#REF!,3,FALSE)) -> #REF! | P51: 3.5 | S51: =IF(A51="","",VLOOKUP(A51,#REF!,4,FALSE)) -> #REF! | W51: =IF(P51="","",P51*S51) -> #REF! | AA51: =IF($W$85="","",W51/$W$85) -> #REF!
A52: 3.1.1 | B52: 3.1.4 | D52: =IF(A52="","",VLOOKUP(A52,#REF!,2,FALSE)) -> #REF! | M52: =IF(A52="","",VLOOKUP(A52,#REF!,3,FALSE)) -> #REF! | P52: 25 | S52: =IF(A52="","",VLOOKUP(A52,#REF!,4,FALSE)) -> #REF! | W52: =IF(P52="","",P52*S52) -> #REF! | AA52: =IF($W$85="","",W52/$W$85) -> #REF!
A53: 3.1.3 | B53: 3.1.5 | D53: =IF(A53="","",VLOOKUP(A53,#REF!,2,FALSE)) -> #REF! | M53: =IF(A53="","",VLOOKUP(A53,#REF!,3,FALSE)) -> #REF! | P53: 25 | S53: =IF(A53="","",VLOOKUP(A53,#REF!,4,FALSE)) -> #REF! | W53: =IF(P53="","",P53*S53) -> #REF! | AA53: =IF($W$85="","",W53/$W$85) -> #REF!
B54: 3.2 | D54: SEÑALIZACIÓN | W54: =SUM(W55:Z56) -> #REF! | AA54: =IF($W$85="","",W54/$W$85) -> #REF!
A55: 3.3.1 | B55: 3.2.1 | D55: =IF(A55="","",VLOOKUP(A55,#REF!,2,FALSE)) -> #REF! | M55: =IF(A55="","",VLOOKUP(A55,#REF!,3,FALSE)) -> #REF! | P55: 8 | S55: =IF(A55="","",VLOOKUP(A55,#REF!,4,FALSE)) -> #REF! | W55: =IF(P55="","",P55*S55) -> #REF! | AA55: =IF($W$85="","",W55/$W$85) -> #REF!
A56: 3.3.2 | D56: =IF(A56="","",VLOOKUP(A56,#REF!,2,FALSE)) -> #REF! | M56: =IF(A56="","",VLOOKUP(A56,#REF!,3,FALSE)) -> #REF! | P56: 2 | S56: =IF(A56="","",VLOOKUP(A56,#REF!,4,FALSE)) -> #REF! | W56: =IF(P56="","",P56*S56) -> #REF! | AA56: =IF($W$85="","",W56/$W$85) -> #REF!
B57: 3.3 | D57: BIOSEGURIDAD | W57: =SUM(W58:Z62) -> #REF! | AA57: =IF($W$85="","",W57/$W$85) -> #REF!
A58: 3.4.1 | B58: 3.3.1 | D58: =IF(A58="","",VLOOKUP(A58,#REF!,2,FALSE)) -> #REF! | M58: =IF(A58="","",VLOOKUP(A58,#REF!,3,FALSE)) -> #REF! | P58: 20 | S58: =IF(A58="","",VLOOKUP(A58,#REF!,4,FALSE)) -> #REF! | W58: =IF(P58="","",P58*S58) -> #REF! | AA58: =IF($W$85="","",W58/$W$85) -> #REF!
A59: 3.4.2 | B59: 3.3.2 | D59: =IF(A59="","",VLOOKUP(A59,#REF!,2,FALSE)) -> #REF! | M59: =IF(A59="","",VLOOKUP(A59,#REF!,3,FALSE)) -> #REF! | P59: 4 | S59: =IF(A59="","",VLOOKUP(A59,#REF!,4,FALSE)) -> #REF! | W59: =IF(P59="","",P59*S59) -> #REF! | AA59: =IF($W$85="","",W59/$W$85) -> #REF!
A60: 3.4.3 | B60: 3.3.3 | D60: =IF(A60="","",VLOOKUP(A60,#REF!,2,FALSE)) -> #REF! | M60: =IF(A60="","",VLOOKUP(A60,#REF!,3,FALSE)) -> #REF! | P60: 4 | S60: =IF(A60="","",VLOOKUP(A60,#REF!,4,FALSE)) -> #REF! | W60: =IF(P60="","",P60*S60) -> #REF! | AA60: =IF($W$85="","",W60/$W$85) -> #REF!
A61: 3.4.6 | B61: 3.3.4 | D61: =IF(A61="","",VLOOKUP(A61,#REF!,2,FALSE)) -> #REF! | M61: =IF(A61="","",VLOOKUP(A61,#REF!,3,FALSE)) -> #REF! | P61: 100 | S61: =IF(A61="","",VLOOKUP(A61,#REF!,4,FALSE)) -> #REF! | W61: =IF(P61="","",P61*S61) -> #REF! | AA61: =IF($W$85="","",W61/$W$85) -> #REF!
A62: 3.4.8 | B62: 3.3.5 | D62: =IF(A62="","",VLOOKUP(A62,#REF!,2,FALSE)) -> #REF! | M62: =IF(A62="","",VLOOKUP(A62,#REF!,3,FALSE)) -> #REF! | P62: 80 | S62: =IF(A62="","",VLOOKUP(A62,#REF!,4,FALSE)) -> #REF! | W62: =IF(P62="","",P62*S62) -> #REF! | AA62: =IF($W$85="","",W62/$W$85) -> #REF!
B63: 3.4 | D63: EQUIPOS | W63: =SUM(W64:Z68) -> #REF! | AA63: =IF($W$85="","",W63/$W$85) -> #REF!
A64: 3.5.1 | B64: 3.4.1 | D64: =IF(A64="","",VLOOKUP(A64,#REF!,2,FALSE)) -> #REF! | M64: =IF(A64="","",VLOOKUP(A64,#REF!,3,FALSE)) -> #REF! | P64: 1 | S64: =IF(A64="","",VLOOKUP(A64,#REF!,4,FALSE)) -> #REF! | W64: =IF(P64="","",P64*S64) -> #REF! | AA64: =IF($W$85="","",W64/$W$85) -> #REF!
A65: 3.5.7 | B65: 3.4.2 | D65: =IF(A65="","",VLOOKUP(A65,#REF!,2,FALSE)) -> #REF! | M65: =IF(A65="","",VLOOKUP(A65,#REF!,3,FALSE)) -> #REF! | P65: 1 | S65: =IF(A65="","",VLOOKUP(A65,#REF!,4,FALSE)) -> #REF! | W65: =IF(P65="","",P65*S65) -> #REF! | AA65: =IF($W$85="","",W65/$W$85) -> #REF!
A66: 3.5.10 | B66: 3.4.3 | D66: =IF(A66="","",VLOOKUP(A66,#REF!,2,FALSE)) -> #REF! | M66: =IF(A66="","",VLOOKUP(A66,#REF!,3,FALSE)) -> #REF! | P66: 1 | S66: =IF(A66="","",VLOOKUP(A66,#REF!,4,FALSE)) -> #REF! | W66: =IF(P66="","",P66*S66) -> #REF! | AA66: =IF($W$85="","",W66/$W$85) -> #REF!
A67: 3.5.11 | B67: 3.4.4 | D67: =IF(A67="","",VLOOKUP(A67,#REF!,2,FALSE)) -> #REF! | M67: =IF(A67="","",VLOOKUP(A67,#REF!,3,FALSE)) -> #REF! | P67: 1 | S67: =IF(A67="","",VLOOKUP(A67,#REF!,4,FALSE)) -> #REF! | W67: =IF(P67="","",P67*S67) -> #REF! | AA67: =IF($W$85="","",W67/$W$85) -> #REF!
A68: 3.5.12 | B68: 3.4.5 | D68: =IF(A68="","",VLOOKUP(A68,#REF!,2,FALSE)) -> #REF! | M68: =IF(A68="","",VLOOKUP(A68,#REF!,3,FALSE)) -> #REF! | P68: 1 | S68: =IF(A68="","",VLOOKUP(A68,#REF!,4,FALSE)) -> #REF! | W68: =IF(P68="","",P68*S68) -> #REF! | AA68: =IF($W$85="","",W68/$W$85) -> #REF!
B69: 3.5 | D69: ASEO, LIMPIEZA Y DESINFECCION DE AREAS COMUNES, HERRAMIENTAS Y EQUIPOS. | W69: =SUM(W70:Z72) -> #REF! | AA69: =IF($W$85="","",W69/$W$85) -> #REF!
A70: 3.6.1 | B70: 3.5.1 | D70: =IF(A70="","",VLOOKUP(A70,#REF!,2,FALSE)) -> #REF! | M70: =IF(A70="","",VLOOKUP(A70,#REF!,3,FALSE)) -> #REF! | P70: 2 | S70: =IF(A70="","",VLOOKUP(A70,#REF!,4,FALSE)) -> #REF! | W70: =IF(P70="","",P70*S70) -> #REF! | AA70: =IF($W$85="","",W70/$W$85) -> #REF!
A71: 3.6.2 | B71: 3.5.2 | D71: =IF(A71="","",VLOOKUP(A71,#REF!,2,FALSE)) -> #REF! | M71: =IF(A71="","",VLOOKUP(A71,#REF!,3,FALSE)) -> #REF! | P71: 100 | S71: =IF(A71="","",VLOOKUP(A71,#REF!,4,FALSE)) -> #REF! | W71: =IF(P71="","",P71*S71) -> #REF! | AA71: =IF($W$85="","",W71/$W$85) -> #REF!
A72: 3.6.4 | B72: 3.5.3 | D72: =IF(A72="","",VLOOKUP(A72,#REF!,2,FALSE)) -> #REF! | M72: =IF(A72="","",VLOOKUP(A72,#REF!,3,FALSE)) -> #REF! | P72: 20 | S72: =IF(A72="","",VLOOKUP(A72,#REF!,4,FALSE)) -> #REF! | W72: =IF(P72="","",P72*S72) -> #REF! | AA72: =IF($W$85="","",W72/$W$85) -> #REF!
B73: 4 | D73: COSTOS FINANCIEROS Y LEGALES | W73: =SUM(W75,W80,W83) -> #REF! | AA73: =IF($W$85="","",W73/$W$85) -> #REF!
B74: ÍTEM | D74: DESCRIPCIÓN | M74: % TOTAL | P74: % DEL DIRECTO | S74: VR. UNITARIO | W74: VR. PARCIAL | AA74: % A
B75: 4.1 | D75: ESTAMPILLAS | W75: =SUM(W76:Z79) -> #REF! | AA75: =IF($W$85="","",W75/$W$85) -> #REF!
B76: 4.1.1 | D76: PRO UIS | M76: 0.022 | P76: =M76*(1+SUM($AA$8,$AA$32,$AA$46,$M$76:$O$79,$M$81:$O$82,$M$84)) -> #REF! | S76: 750000000 | W76: =IF(P76="","",P76*S76) -> #REF! | AA76: =IF($W$85="","",W76/$W$85) -> #REF!
B77: 4.1.2 | D77: PRO HOSPITAL | M77: 0.022 | P77: =M77*(1+SUM($AA$8,$AA$32,$AA$46,$M$76:$O$79,$M$81:$O$82,$M$84)) -> #REF! | S77: 750000000 | W77: =IF(P77="","",P77*S77) -> #REF! | AA77: =IF($W$85="","",W77/$W$85) -> #REF!
B78: 4.1.3 | D78: PRO CULTURA | M78: 0.02 | P78: =M78*(1+SUM($AA$8,$AA$32,$AA$46,$M$76:$O$79,$M$81:$O$82,$M$84)) -> #REF! | S78: 750000000 | W78: =IF(P78="","",P78*S78) -> #REF! | AA78: =IF($W$85="","",W78/$W$85) -> #REF!
B79: 4.1.4 | D79: PRO ADULTO MAYOR | M79: 0.02 | P79: =M79*(1+SUM($AA$8,$AA$32,$AA$46,$M$76:$O$79,$M$81:$O$82,$M$84)) -> #REF! | S79: 750000000 | W79: =IF(P79="","",P79*S79) -> #REF! | AA79: =IF($W$85="","",W79/$W$85) -> #REF!
B80: 4.2 | D80: GASTOS LEGALES | W80: =SUM(W81:Z82) -> #REF! | AA80: =IF($W$85="","",W80/$W$85) -> #REF!
B81: 4.2.1 | D81: IMPUESTO DE SEGURIDAD DEMOCRATICA | M81: 0.05 | P81: =M81*(1+SUM($AA$8,$AA$32,$AA$46,$M$76:$O$79,$M$81:$O$82,$M$84)) -> #REF! | S81: 750000000 | W81: =IF(P81="","",P81*S81) -> #REF! | AA81: =IF($W$85="","",W81/$W$85) -> #REF!
B82: 4.2.2 | D82: PÓLIZAS y PERFECCIONAMIENTO DEL CONTRATO | M82: 0.01 | P82: =M82*(1+SUM($AA$8,$AA$32,$AA$46,$M$76:$O$79,$M$81:$O$82,$M$84)) -> #REF! | S82: 750000000 | W82: =IF(P82="","",P82*S82) -> #REF! | AA82: =IF($W$85="","",W82/$W$85) -> #REF!
B83: 4.3 | D83: GASTOS BANCARIOS | W83: =W84 -> #REF! | AA83: =IF($W$85="","",W83/$W$85) -> #REF!
B84: 4.3.1 | D84: GASTOS BANCARIOS | M84: 0.0005 | P84: =M84*(1+SUM($AA$8,$AA$32,$AA$46,$M$76:$O$79,$M$81:$O$82,$M$84)) -> #REF! | S84: 750000000 | W84: =IF(P84="","",P84*S84) -> #REF! | AA84: =IF($W$85="","",W84/$W$85) -> #REF!
B85: COSTO DIRECTO DE OBRA | W85: 750000000 | AA85: =IF(W85="","",W85/$W$85) -> 1
B86: ADMINISTRACIÓN | W86: =SUM(W8,W32,W46,W73) -> #REF! | AA86: =W86/$W$85 -> #REF!

Sheet COSTOS PERSONAL
B2: SALARIO MINIMO 2026 CON UN AUMENTO DEL 12,40% | D2: 1750905
B3: AUXILIO DE TRANSPORTE | D3: 249095
B4: VALOR TOTAL DEL SALARIO MÍNIMO 2026 | D4: =+D3+D2 -> 2000000
B5: APLICA PARA SALARIOS CON UN F.S MENOR A 2,0
B6: IPC EN EL PERIODO DICIEMBRE 2024-2025 ES DE 5,10% ACUMULADO PARA SALARIOS CON UN F.S MAYOR A 2,0 | E6: ajustar al nuevo IPC | F6: 1.051
I8: Interventorias menores a 1,500 SMMLV o $2'737.221.000 | L8: Interventorias mayores a 1,501 SMMLV o $2'739.045.814
B9: 1 | C9: COSTOS DE PERSONAL | D9: SALARIO PROYECTADO 2026 | E9: SALARIO BASE 2025 | F9: SALARIO TOTAL | G9: FACTOR SALARIAL | I9: EXPERIENCIA GENERAL (Minima en Años) | J9: EXPERIENCIA ESPECIFICA (Minima en Años) | L9: EXPERIENCIA GENERAL (Minima en Años) | M9: EXPERIENCIA ESPECIFICA (Minima en Años)
B10: 1.1 | C10: DIRECCION, COORDINACION Y RESIDENCIA
B11: 1.1.1 | C11: DIRECTOR DE INTERVENTORIA - 1 | D11: =E11*F$6 -> 10247250 | E11: 9750000 | G11: 7.5 | I11: 12 | J11: 5 | L11: 12 | M11: 8
B12: 1.1.2 | C12: DIRECTOR DE INTERVENTORIA - 2 | D12: =E12*F$6 -> 9564100 | E12: 9100000 | F12: =D12*$D$5 -> 0 | G12: 7 | I12: 10 | J12: 4 | L12: 10 | M12: 7
B13: 1.1.3 | C13: DIRECTOR DE INTERVENTORIA - 3 | D13: =E13*F$6 -> 8880950 | E13: 8450000 | F13: =D13*$D$5 -> 0 | G13: 6.5 | I13: 8 | J13: 3 | L13: 8 | M13: 6
B14: 1.1.4 | C14: DIRECTOR DE INTERVENTORIA - 4 | D14: =E14*F$6 -> 8197800 | E14: 7800000 | F14: =D14*$D$5 -> 0 | G14: 6 | I14: 6 | J14: 2 | L14: 6 | M14: 4
B15: 1.1.5 | C15: DIRECTOR DE INTERVENTORIA - 5 | D15: =E15*F$6 -> 7514650 | E15: 7150000 | F15: =D15*$D$5 -> 0 | G15: 5.5 | I15: 4 | J15: 2 | L15: 4 | M15: 3
B16: 1.1.6 | C16: DIRECTOR DE INTERVENTORIA - 6 | D16: =E16*F$6 -> 6831500 | E16: 6500000 | F16: =D16*$D$5 -> 0 | G16: 5 | I16: 2 | J16: 1 | L16: 2 | M16: 1
B17: 1.1.7 | C17: DIRECTOR DE INTERVENTORIA - 7 | D17: =E17*F$6 -> 6148350 | E17: 5850000 | F17: =D17*$D$5 -> 0 | G17: 4.5 | I17: 2 | J17: 0 | L17: 2 | M17: 0
B18: 1.1.8 | C18: RESIDENTE DE INTERVENTORIA - 1 | D18: =E18*F$6 -> 7514650 | E18: 7150000 | F18: =D18*$D$5 -> 0 | G18: 5.5 | I18: 12 | J18: 5 | L18: 12 | M18: 8
B19: 1.1.9 | C19: RESIDENTE DE INTERVENTORIA - 2 | D19: =E19*F$6 -> 6831500 | E19: 6500000 | F19: =D19*$D$5 -> 0 | G19: 5 | I19: 10 | J19: 4 | L19: 10 | M19: 7
B20: 1.1.10 | C20: RESIDENTE DE INTERVENTORIA - 3 | D20: =E20*F$6 -> 6558240 | E20: 6240000 | F20: =D20*$D$5 -> 0 | G20: 4.8 | I20: 8 | J20: 3 | L20: 8 | M20: 6
B21: 1.1.11 | C21: RESIDENTE DE INTERVENTORIA - 4 | D21: =E21*F$6 -> 6148350 | E21: 5850000 | F21: =D21*$D$5 -> 0 | G21: 4.5 | I21: 6 | J21: 2 | L21: 6 | M21: 4
B22: 1.1.12 | C22: RESIDENTE DE INTERVENTORIA - 5 | D22: =E22*F$6 -> 5738460 | E22: 5460000 | F22: =D22*$D$5 -> 0 | G22: 4.2 | I22: 4 | J22: 2 | L22: 4 | M22: 3
B23: 1.1.13 | C23: RESIDENTE DE INTERVENTORIA - 6 | D23: =E23*F$6 -> 5328570 | E23: 5070000 | F23: =D23*$D$5 -> 0 | G23: 3.9 | I23: 2 | J23: 1 | L23: 2 | M23: 1
B24: 1.1.14 | C24: RESIDENTE DE INTERVENTORIA - 7 | D24: =E24*F$6 -> 4918680 | E24: 4680000 | F24: =D24*$D$5 -> 0 | G24: 3.6 | I24: 2 | J24: 0 | L24: 2 | M24: 0
B25: 1.2 | C25: PROFESIONALES ESPECIALIZADOS
B26: 1.2.1 | C26: ESPECIALISTA ESTRUCTURAL | D26: =E26*F$6 -> 6831500 | E26: 6500000 | F26: =D26*$D$5 -> 0 | G26: 5
B27: 1.2.2 | C27: ESPECIALISTA EN GEOTECNIA | D27: =E27*F$6 -> 6831500 | E27: 6500000 | F27: =D27*$D$5 -> 0 | G27: 5
B28: 1.2.3 | C28: ESPECIALISTA EN VIAS Y PAVIMENTOS | D28: =E28*F$6 -> 6831500 | E28: 6500000 | F28: =D28*$D$5 -> 0 | G28: 5
B29: 1.2.4 | C29: ESPECIALISTA EN HIDRAULICA E HIDROLOGIA | D29: =E29*F$6 -> 6831500 | E29: 6500000 | F29: =D29*$D$5 -> 0 | G29: 5
B30: 1.2.5 | C30: ESPECIALISTA AMBIENTAL | D30: =E30*F$6 -> 6831500 | E30: 6500000 | F30: =D30*$D$5 -> 0 | G30: 5
B31: 1.2.6 | C31: ESPECIALISTA EN TRANSITO Y TRANSPORTE | D31: =E31*F$6 -> 6831500 | E31: 6500000 | F31: =D31*$D$5 -> 0 | G31: 5
B32: 1.2.7 | C32: ESPECIALISTA EN DISEÑO GEOMETRICO DE VIAS | D32: =E32*F$6 -> 6831500 | E32: 6500000 | F32: =D32*$D$5 -> 0 | G32: 5
B33: 1.2.8 | C33: ESPECIALISTA EN URBANISMO | D33: =E33*F$6 -> 6831500 | E33: 6500000 | F33: =D33*$D$5 -> 0 | G33: 5
B34: 1.2.9 | C34: ESPECIALISTA EN REDES HIDROSANITARIAS | D34: =E34*F$6 -> 6831500 | E34: 6500000 | F34: =D34*$D$5 -> 0 | G34: 5
B35: 1.2.10 | C35: ESPECIALISTA ELECTRICISTA | D35: =E35*F$6 -> 6831500 | E35: 6500000 | F35: =D35*$D$5 -> 0 | G35: 5
B36: 1.2.11 | C36: ESPECIALISTA FORESTAL | D36: =E36*F$6 -> 6831500 | E36: 6500000 | F36: =D36*$D$5 -> 0 | G36: 5
B37: 1.2.12 | C37: ESPECIALISTA EN PAISAJISMO | D37: =E37*F$6 -> 6831500 | E37: 6500000 | F37: =D37*$D$5 -> 0 | G37: 5
... B39: 1.2.14 | C39: ESPECIALISTA EN REDES HIDROSANITARIO | D39: =E39*F$6 -> 6831500 | E39: 6500000 | F39: =D39*$D$5 -> 0 | G39: 5
B40: 1.3 | C40: PROFESIONALES
B41: 1.3.1 | C41: PROFESIONAL EN INGENIERIA CIVIL | D41: =E41*F$6 -> 4372160 | E41: 4160000 | F41: =D41*$D$5 -> 0 | G41: 3.2
B42: 1.3.2 | C42: PROFESIONAL EN INGENIERIA ELECTRICISTA | D42: =E42*F$6 -> 4372160 | E42: 4160000 | F42: =D42*$D$5 -> 0 | G42: 3.2
B43: 1.3.3 | C43: PROFESIONAL EN INGENIERIA ELECTRONICA | D43: =E43*F$6 -> 4372160 | E43: 4160000 | F43: =D43*$D$5 -> 0 | G43: 3.2
B44: 1.3.4 | C44: PROFESIONAL EN INGENIERIA INDUSTRIAL | D44: =E44*F$6 -> 4372160 | E44: 4160000 | F44: =D44*$D$5 -> 0 | G44: 3.2
B45: 1.3.5 | C45: PROFESIONAL EN INGENIERIA DE MATERIALES | D45: =E45*F$6 -> 4372160 | E45: 4160000 | F45: =D45*$D$5 -> 0 | G45: 3.2
B46: 1.3.6 | C46: PROFESIONAL EN INGENIERIA QUIMICA | D46: =E46*F$6 -> 4372160 | E46: 4160000 | F46: =D46*$D$5 -> 0 | G46: 3.2
B47: 1.3.7 | C47: PROFESIONAL EN INGENIERIA DE PETROLEOS | D47: =E47*F$6 -> 4372160 | E47: 4160000 | F47: =D47*$D$5 -> 0 | G47: 3.2
B48: 1.3.8 | C48: PREFESIONAL EN INGENIERIA MECANICA | D48: =E48*F$6 -> 4372160 | E48: 4160000 | F48: =D48*$D$5 -> 0 | G48: 3.2
B49: 1.3.9 | C49: PROFESIONAL EN INGENIERIA FORESTAL | D49: =E49*F$6 -> 4372160 | E49: 4160000 | F49: =D49*$D$5 -> 0 | G49: 3.2
B50: 1.3.10 | C50: PROFESIONAL EN INGENIERIA AMBIENTAL | D50: =E50*F$6 -> 4372160 | E50: 4160000 | F50: =D50*$D$5 -> 0 | G50: 3.2
B51: 1.3.11 | C51: PROFESIONAL EN ARQUITECTURA | D51: =E51*F$6 -> 4372160 | E51: 4160000 | F51: =D51*$D$5 -> 0 | G51: 3.2
B52: 1.3.12 | C52: PROFESIONAL EN TOPOGRAFIA | D52: =E52*F$6 -> 4372160 | E52: 4160000 | F52: =D52*$D$5 -> 0 | G52: 3.2
... B57: 1.3.18 | C57: PROFESIONAL EN TRABAJO SOCIAL | D57: =E57*F$6 -> 4372160 | E57: 4160000 | F57: =D57*$D$5 -> 0 | G57: 3.2
B58: 1.4 | C58: PERSONAL TECNICO Y TECNOLOGO
B59: 1.4.1 | C59: INSPECTOR DE OBRA | D59: =E59*F$6 -> 3689010 | E59: 3510000 | F59: =D59*$D$5 -> 0 | G59: 2.5
B60: 1.4.2 | C60: TOPOGRAFO | D60: =E60*F$6 -> 3689010 | E60: 3510000 | F60: =D60*$D$5 -> 0 | G60: 2.5
B61: 1.4.3 | C61: DIBUJANTE | D61: =G61*$D$4 -> 4000000 | F61: =D61*$D$5 -> 0 | G61: 2
B62: 1.4.4 | C62: TECNOLOGO AMBIENTAL | D62: =E62*F$6 -> 3689010 | E62: 3510000 | F62: =D62*$D$5 -> 0 | G62: 2.5
B63: 1.4.5 | C63: TECNOLOGO SUPERVISOR DE OBRAS | D63: =E63*F$6 -> 3689010 | E63: 3510000 | F63: =D63*$D$5 -> 0 | G63: 2.5
B64: 1.4.7 | C64: TECNOLOGO EN TRABAJO SOCIAL | D64: =E64*F$6 -> 3689010 | E64: 3510000 | F64: =D64*$D$5 -> 0 | G64: 2.5
B65: 1.4.8 | C65: TECNOLOGO EN SEGURIDAD OCUPACIONAL | D65: =E65*F$6 -> 3689010 | E65: 3510000 | F65: =D65*$D$5 -> 0 | G65: 2.5
B66: 1.5 | C66: PERSONAL DE APOYO
B67: 1.5.1 | C67: CADENERO | D67: =G67*$D$4 -> 3000000 | F67: =D67*$D$5 -> 0 | G67: 1.5
B68: 1.5.2 | C68: CONDUCTOR | D68: =G68*$D$4 -> 4000000 | F68: =D68*$D$5 -> 0 | G68: 2
B69: 1.5.3 | C69: VIGILANTE | D69: =G69*$D$4 -> 4000000 | F69: =D69*$D$5 -> 0 | G69: 2
B70: 1.5.4 | C70: PERSONAL DE ASEO, LIMPIEZA Y MANTENIMIENTO | D70: =G70*$D$4 -> 3000000 | F70: =D70*$D$5 -> 0 | G70: 1.5
B71: 1.5.5 | C71: MENSAJERO | D71: =G71*$D$4 -> 3000000 | F71: =D71*$D$5 -> 0 | G71: 1.5
B72: 1.5.6 | C72: AUXILIAR DE CAMPO | D72: =G72*$D$4 -> 3000000 | F72: =D72*$D$5 -> 0 | G72: 1.5
B73: 1.5.7 | C73: AUXILIAR AMBIENTAL | D73: =G73*$D$4 -> 3600000 | F73: =D73*$D$5 -> 0 | G73: 1.8
B74: 1.5.8 | C74: AUXILIAR SOCIAL | D74: =G74*$D$4 -> 3600000 | F74: =D74*$D$5 -> 0 | G74: 1.8
B75: 1.5.9 | C75: AUXILIAR SST | D75: =G75*$D$4 -> 3600000 | F75: =D75*$D$5 -> 0 | G75: 1.8
B76: 1.6 | C76: PERSONAL ADMINISTRATIVO
B77: 1.6.1 | C77: ADMINISTRADOR | D77: =E77*F$6 -> 6831500 | E77: 6500000 | F77: =D77*$D$5 -> 0 | G77: 5
B78: 1.6.2 | C78: ALMACENISTA | D78: =G78*$D$4 -> 4000000 | F78: =D78*$D$5 -> 0 | G78: 2
B79: 1.6.3 | C79: SECRETARIA | D79: =G79*$D$4 -> 3000000 | F79: =D79*$D$5 -> 0 | G79: 1.5
B80: 1.6.4 | C80: CONTADOR | D80: =E80*F$6 -> 4782050 | E80: 4550000 | F80: =D80*$D$5 -> 0 | G80: 3.5
B81: 1.6.5 | C81: REVISOR FISCAL | D81: =E81*F$6 -> 6148350 | E81: 5850000 | F81: =D81*$D$5 -> 0 | G81: 4.5
B82: 1.6.6 | C82: ABOGADO | D82: =E82*F$6 -> 4782050 | E82: 4550000 | F82: =D82*$D$5 -> 0 | G82: 3.5

Sheet COSTOS OPERACIONALES
A1: 2 | B1: COSTOS OPERACIONALES | C1: UNIDAD | D1: VALOR UNITARIO 2026 REAL | F1: VALOR UNITARIO 2025 | G1: ajustar al nuevo IPC | H1: 1.051
A2: 2.1 | B2: OFICINA
A3: 2.1.1 | B3: ARRIENDO DE OFICINA | C3: MES | D3: =F3*H$1 -> 2235477 | F3: 2127000
A4: 2.1.2 | B4: ARRIENDO BODEGA | C4: MES | D4: =F4*H$1 -> 2732600 | F4: 2600000
A5: 2.1.3 | B5: CAMPAMENTOS | C5: MES | D5: =F5*H$1 -> 2627500 | F5: 2500000
A6: 2.1.4 | B6: EQUIPOS DE COMPUTO | C6: MES | D6: =F6*H$1 -> 630600 | F6: 600000
A7: 2.1.5 | B7: PAPELERIA E IMPRESIÓN | C7: MES | D7: =F7*H$1 -> 367850 | F7: 350000
A8: 2.1.6 | B8: SERVICIOS PÚBLICOS | C8: MES | D8: =F8*H$1 -> 578050 | F8: 550000
A9: 2.1.7 | B9: EQUIPOS DE SEGURIDAD Y VIGILANCIA | C9: MES | D9: =F9*H$1 -> 262750 | F9: 250000
A10: 2.1.8 | B10: CERRAMIENTO DE LA OBRA | C10: M | D10: =F10*H$1 -> 39938 | F10: 38000
A11: 2.2 | B11: VEHICULOS
A12: 2.2.1 | B12: ALQUILER VEHÍCULO 4X4 MAYOR 2000 C.C. | C12: MES | D12: =F12*H$1 -> 6831500 | F12: 6500000
A13: 2.2.2 | B13: ALQUILER MOTOCICLETAS 125 CM 3 | C13: MES | D13: =F13*H$1 -> 683150 | F13: 650000
A14: 2.2.3 | B14: ALQUILER CAMIÓN GRUA | C14: DIA | D14: =F14*H$1 -> 1576500 | F14: 1500000
A15: 2.3 | B15: EQUIPOS
A16: 2.3.1 | B16: EQUIPO DE TOPOGRAFIA | C16: MES | D16: =F16*H$1 -> 7882500 | F16: 7500000
A17: 2.3.2 | B17: EQUIPOS ILUMINACION - REFLECTORES | C17: UND/MES | D17: =F17*H$1 -> 2102000 | F17: 2000000
A18: 2.4 | B18: ENSAYOS DE LABORATORIO
A19: 2.4.1 | B19: DESGASTE EN LA MAQUINA DE LOS ANGELES, (GRANULOMETRIA A), MAXIMO (%) - 500 Y 100 REVOLUCIONES. - INV-E-218:2013 | C19: UND | D19: 150000
A20: 2.4.2 | B20: DEGRADACION POR ABRACION EN EL EQUIPO MICRO-DEVAL, MAXIMO (59. - INV-E-238:2013 | C20: UND | D20: 190000 | F20: 130000
A21: 2.4.3 | B21: EVALUACION A LA RESISTENCIA MECANICA POR EL METODO DEL 10% DE FINO, VALOR EN SECO Y RELACION HUMEDO SECO. - INV-E-224:2013 | C21: UND | D21: 190000 | F21: 250000
A22: 2.4.4 | B22: PERDIDA EN ENSAYO DE SOLIDEZ EN SULFATOS, MAXIMO (%) - SULFATO DE MAGNESIO. - INV-E-220:2013 | C22: UND | D22: 190000 | F22: 350000
A23: 2.4.5 | B23: LIMITES DE CONSISTENCIA: LIMITE LIQUIDE, LIMITE PLASTICO E INDICE DE PLASTICIDAD. - INV-E-125:2013 | C23: UND | D23: 50000 | F23: 290000
A24: 2.4.6 | B24: EQUIVALENTE DE ARENA MINIMO (%). - INV-E-133:2013 | C24: UND | D24: 50000 | F24: 70000
A25: 2.4.7 | B25: VALOR DE AZUL DE METILENO. - INV-E-235:2013 | C25: UND | D25: 70000 | F25: 80000
A26: 2.4.8 | B26: CONTENIDO DE TERRONES DE ARCILLA Y PARTICULAS DELEZNABLES. - INV-E-211:2013 | C26: UND | D26: 60000
A27: 2.4.9 | B27: INDICE DE ALARGAMMIENTNO Y APLANAMIENTO. - INV-E-230:2013 | C27: UND | D27: 40000 | F27: 12000
A28: 2.4.10 | B28: CARAS FRACTURADAS. - INV-E-227:2013 | C28: UND | D28: 40000 | F28: 72000
A29: 2.4.11 | B29: ANGULARIDAD DE LA FRACCION FINA. - INV-E-239:2013 | C29: UND | D29: 80000 | F29: 78000
A30: 2.4.12 | B30: CBR. - INV-E-148:2013 | C30: UND | D30: 120000 | F30: 90000
A31: 2.4.13 | B31: CONTENIDO DE HUMEDAD. - INV-E-122:2013 | C31: UND | D31: 10000 | F31: 171000
A32: 2.4.14 | B32: GRANULOMETRIA. - INV-E-213:2013 | C32: UND | D32: 55000 | F32: 342000
A33: 2.4.15 | B33: LIMITE LIQUIDO - E-125-2013 | C33: UND | D33: 30000 | F33: 54000
A34: 2.4.16 | B34: INDICE DE PLASTICIDAD - E-125-2013 E-126 | C34: UND | D34: 15000 | F34: 89000
A35: 2.4.17 | B35: EQUIVALENTE DE ARENA - E-133 | C35: UND | D35: 50000 | F35: 483000
A36: 2.4.18 | B36: AZUL DE METILENO (TABLA 330-2 INVIAS) - E-235 | C36: UND | D36: 70000
A37: 2.4.19 | B37: ENSAYO MODIFICADO DE COMPACTACION | C37: UND | D37: 90000 | F37: 72000
A38: 2.4.20 | B38: CONSISTENCIA 8ASENTAMIENTO) - E-404-2013 | C38: UND | D38: 30000 | F38: 72000
A39: 2.4.21 | B39: RESISTENCIA A FLEXOTRACCION - E-414-2013 | C39: UND | D39: 25000 | F39: 206000
A40: 2.4.22 | B40: CONTENIDO DE AIRE INCLUIDO - E-406-2013 | C40: UND | D40: 55000 | F40: 330000
A41: 2.4.23 | B41: ENSAYOS DE MODULOS DE ELASTICIDAD ELASTICOS - E-424-2013 | C41: UND | D41: 65000 | F41: 162000
A42: 2.4.24 | B42: ENSAYO PESO UNITARIO PARA SUELO Y ROCA | C42: UND | D42: 65000 | F42: 65000
A43: 2.4.25 | B43: ENSAYO DE CORTE DIRECTO EN SUELO | C43: UND | D43: 560000 | F43: 65000
A44: 2.4.26 | B44: COMPRESION INCONFINADA (SUELO) | C44: UND | D44: 65000 | F44: 162000
A45: 2.4.27 | B45: APIQUES DE 1 X 1 X 1,5 METROS | C45: UND | D45: 130000 | F45: 294000
A46: 2.4.28 | B46: SONDEO DE PENETRACIÓN ESTANDAR SPT | C46: M | D46: 250000 | F46: 146000
A47: 2.4.29 | B47: SONDEO ROTOPERCUSION EN SUELO, DIAMETRO NQ CON REVESTIMIENTO. INCLUYE SPT | C47: M | D47: 350000
A48: 2.4.30 | B48: SONDEO ROTOPERCUSION EN CONGLOMERADO, DIAMETRO NQ CON REVESTIMIENTO. INCLUYE SPT | C48: M | D48: 290000 | F48: 90000
A49: 2.4.31 | B49: SONDEO ROTOPERCUSION EN ROCA , DIAMETRO NQ CON REVESTIMIENTO. INCLUYE SPT | C49: M | D49: 70000 | F49: 78000
A50: 2.4.32 | B50: TOMA DE NUCLEOS DE CONCRETO | C50: UND | D50: 80000 | F50: 237000
A51: 2.4.33 | B51: ENSAYO DE CARBONATACION | C51: UND | D51: 65000 | F51: 16000
A52: 2.4.34 | B52: DETECCION DE REFUERZO CON PS20 | C52: UND | D52: 130000
A53: 2.4.35 | B53: REGATA 0,5 x 0,05 x 0,05, INCLUYE REPARACION CON SIKADUR | C53: UND | D53: 709000
A54: 2.4.36 | B54: ENSAYO DE VELOCIDAD DE PULSO ULTRASONICO | C54: UND | D54: 180000
A55: 2.4.37 | B55: ENSAYOS DE LABORATORIO-CALIDAD DE OBRA | C55: MES | D55: 500000
